General information
- name: BNet
- type: Ladder team game (AT/RT)
- host: Battle.net
- saver: 418
map: Mur'gulOasis
- players: 8
- length: 902:29
- speed: Fast
- version: 1.24 W3XP
- replay type: Public
» download(1563 KB)
Players
team 1 (winner)
418 (
red | 5 APM | 4486 actions | 902:29)
10 Blademaster
3 Wind Walk
3 Critical Strike
1 Bladestorm
3 Mirror Image
1 Dark Ranger
1 Black Arrow
2 Firelord
1 Incinerate
1 Summon Lava Spawn
» actions
| Assign group hotkey | 7 | |
| Basic commands | 368 | |
| Build / train | 130 | |
| ESC pressed | 2 | |
| Enter build submenu | 82 | |
| Enter hero's abilities submenu | 13 | |
| Give item / drop item | 28 | |
| Right click | 2029 | |
| Select / deselect | 1346 | |
| Select group hotkey | 175 | |
| Use ability | 306 | |
4486 total
» units
| Peon | 34 | |
| Shaman | 1 | |
| Spirit Walker | 1 | |
| Troll Witch Doctor | 1 | |
| Wind Rider | 8 | |
| Demolisher | 4 | |
| Troll Batrider | 1 | |
50 total
» upgrades
| Spiked Barricades | 3 | |
| Reinforced Defenses | 1 | |
| Shaman Training | 2 | |
| Spirit Walker Training | 2 | |
| Pillage | 1 | |
| Backpack | 1 | |
| Witch Doctor Training | 2 | |
| Ranged Weapons | 3 | |
| Melee Weapons | 3 | |
| Armor | 3 | |
| Ensnare | 1 | |
| Envenomed Spears | 1 | |
| Liquid Fire | 1 | |
| War Drums Damage Increase | 1 | |
| Berserker Strength | 1 | |
| Troll Regeneration | 1 | |
| Berserker Upgrade | 1 | |
| Burning Oil | 2 | |
| Pulverize | 1 | |
31 total
» buildings
| Altar of Storms | 1 | |
| Orc Burrow | 11 | |
| Voodoo Lounge | 2 | |
| War Mill | 2 | |
| Stronghold | 1 | |
| Watch Tower | 40 | |
| Fortress | 1 | |
| Spirit Lodge | 2 | |
| Beastiary | 3 | |
| Barracks | 2 | |
| Tauren Totem | 1 | |
| Great Hall | 5 | |
71 total
» build order
00:17 Altar of Storms
00:24 Orc Burrow
00:38 Voodoo Lounge
01:23 War Mill
02:25 Stronghold
02:49 Watch Tower
03:25 Watch Tower
03:31 Watch Tower
03:33 Watch Tower
04:20 Watch Tower
04:32 Watch Tower
05:29 Fortress
06:04 Watch Tower
06:34 Orc Burrow
06:37 Spirit Lodge
07:03 Watch Tower
10:02 Watch Tower
10:03 Watch Tower
10:04 Watch Tower
10:06 Watch Tower
11:51 Watch Tower
12:29 Watch Tower
12:55 Watch Tower
12:59 Watch Tower
13:01 Watch Tower
13:04 Watch Tower
13:12 Watch Tower
13:24 Watch Tower
13:40 Watch Tower
13:44 Watch Tower
13:47 Watch Tower
14:18 Watch Tower
16:27 Voodoo Lounge
18:14 Beastiary
18:17 Spirit Lodge
18:22 Barracks
19:54 Tauren Totem
21:14 Great Hall
22:23 Watch Tower
22:25 Watch Tower
22:42 Watch Tower
22:56 Watch Tower
23:33 Beastiary
29:00 Beastiary
29:29 Orc Burrow
29:32 Orc Burrow
29:35 Orc Burrow
33:28 War Mill
36:52 Orc Burrow
37:50 Watch Tower
38:49 Orc Burrow
39:06 Great Hall
39:45 Orc Burrow
40:25 Barracks
40:36 Great Hall
40:57 Watch Tower
40:58 Watch Tower
40:59 Watch Tower
41:41 Orc Burrow
42:32 Orc Burrow
44:03 Great Hall
44:06 Watch Tower
44:07 Watch Tower
44:07 Watch Tower
44:08 Watch Tower
68:54 Great Hall
75:55 Watch Tower
76:45 Watch Tower
81:09 Watch Tower
81:29 Watch Tower
137:12 Orc Burrow
» items
| Healing Salve | 5 | |
| Lesser Clarity Potion | 5 | |
| Circlet of Nobility | 3 | |
| Boots of Speed | 3 | |
| Staff of Teleportation | 3 | |
| Potion of Healing | 2 | |
| Potion of Mana | 2 | |
| Potion of Lesser Invulnerability | 2 | |
| Orb of Lightning | 1 | |
| Tiny Great Hall | 2 | |
| Dust of Appearance | 1 | |
| Scroll of Town Portal | 1 | |
| Tome of Retraining | 1 | |
31 total
WellGoodDaySir (
blue | 17 APM | 4616 actions | 274:50)
6 Death Knight
3 Death Coil
2 Unholy Aura
1 Animate Dead
5 Lich
3 Frost Nova
2 Frost Armor
5 Dark Ranger
3 Silence
2 Black Arrow
» actions
| Assign group hotkey | 57 | |
| Basic commands | 225 | |
| Build / train | 95 | |
| Enter build submenu | 13 | |
| Enter hero's abilities submenu | 16 | |
| Give item / drop item | 8 | |
| Remove unit from queue | 1 | |
| Right click | 1610 | |
| Select / deselect | 754 | |
| Select group hotkey | 1682 | |
| Use ability | 153 | |
4616 total
» units
| Acolyte | 14 | |
| Ghoul | 5 | |
| Crypt Fiend | 12 | |
| Obsidian Statue | 10 | |
| Gargoyle | 11 | |
52 total
» upgrades
| Creature Attack | 2 | |
| Burrow | 1 | |
| Destroyer Form | 1 | |
| Web | 1 | |
| Creature Carapace | 1 | |
6 total
» buildings
| Crypt | 1 | |
| Graveyard | 1 | |
| Altar of Darkness | 2 | |
| Ziggurat | 7 | |
| Tomb of Relics | 1 | |
| Nerubian Tower | 1 | |
| Halls of the Dead | 1 | |
| Slaughterhouse | 1 | |
| Spirit Tower | 5 | |
| Black Citadel | 1 | |
21 total
» build order
00:08 Crypt
00:10 Graveyard
00:43 Altar of Darkness
00:59 Ziggurat
01:35 Tomb of Relics
01:50 Ziggurat
02:21 Nerubian Tower
03:50 Halls of the Dead
05:17 Ziggurat
05:18 Ziggurat
06:22 Slaughterhouse
07:23 Spirit Tower
08:07 Black Citadel
08:11 Spirit Tower
10:27 Ziggurat
12:16 Ziggurat
14:30 Ziggurat
15:48 Altar of Darkness
41:11 Spirit Tower
41:15 Spirit Tower
42:17 Spirit Tower
» items
| Rod of Necromancy | 3 | |
| Orb of Corruption | 2 | |
| Potion of Lesser Invulnerability | 1 | |
| Scroll of Town Portal | 3 | |
9 total
pdocki (
orange | 113 APM | 6372 actions | 56:32)
7 Death Knight
3 Death Coil
2 Unholy Aura
1 Death Pact
1 Animate Dead
3 Goblin Tinker
1 Pocket Factory
1 Cluster Rockets
1 Engineering Upgrade
3 Beastmaster
2 Summon Bear
1 Summon Hawk
» actions
| Assign group hotkey | 242 | |
| Basic commands | 1102 | |
| Build / train | 118 | |
| Enter build submenu | 19 | |
| Enter hero's abilities submenu | 13 | |
| Give item / drop item | 10 | |
| Remove unit from queue | 3 | |
| Right click | 2293 | |
| Select / deselect | 521 | |
| Select group hotkey | 1852 | |
| Use ability | 199 | |
6372 total
» units
| Acolyte | 18 | |
| Ghoul | 8 | |
| Crypt Fiend | 20 | |
| Frost Wyrm | 1 | |
| Meatwagon | 9 | |
56 total
» upgrades
| Creature Attack | 1 | |
| Creature Carapace | 1 | |
| Web | 1 | |
| Burrow | 1 | |
4 total
» buildings
| Crypt | 2 | |
| Graveyard | 1 | |
| Altar of Darkness | 1 | |
| Ziggurat | 6 | |
| Tomb of Relics | 1 | |
| Nerubian Tower | 1 | |
| Halls of the Dead | 3 | |
| Black Citadel | 1 | |
| Sacrificial Pit | 1 | |
| Spirit Tower | 1 | |
| Boneyard | 1 | |
| Slaughterhouse | 2 | |
21 total
» build order
00:13 Crypt
00:17 Graveyard
00:44 Altar of Darkness
01:00 Ziggurat
01:34 Tomb of Relics
02:02 Ziggurat
03:01 Nerubian Tower
06:44 Halls of the Dead
06:44 Halls of the Dead
07:31 Ziggurat
07:33 Ziggurat
10:16 Black Citadel
12:07 Sacrificial Pit
20:52 Crypt
22:09 Spirit Tower
22:53 Ziggurat
22:55 Ziggurat
22:58 Boneyard
29:54 Slaughterhouse
29:58 Slaughterhouse
» items
| Rod of Necromancy | 2 | |
| Potion of Healing | 4 | |
| Scroll of Town Portal | 6 | |
| Orb of Corruption | 5 | |
| Scroll of Healing | 1 | |
| Potion of Lesser Invulnerability | 1 | |
| Circlet of Nobility | 9 | |
| Staff of Teleportation | 1 | |
29 total

»
poserben (
yellow | 14 APM | 1843 actions | 135:02)
6 Blademaster
3 Wind Walk
2 Critical Strike
1 Bladestorm
4 Shadow Hunter
2 Healing Wave
1 Hex
1 Serpent Ward
2 Far Seer
1 Chain Lighting
1 Feral Spirit
» actions
| Assign group hotkey | 48 | |
| Basic commands | 179 | |
| Build / train | 84 | |
| Enter build submenu | 18 | |
| Enter hero's abilities submenu | 13 | |
| Give item / drop item | 3 | |
| Right click | 401 | |
| Select / deselect | 344 | |
| Select group hotkey | 651 | |
| Use ability | 102 | |
1843 total
» units
| Peon | 10 | |
| Grunt | 7 | |
| Troll Headhunter/Berserker | 7 | |
| Wind Rider | 6 | |
| Shaman | 3 | |
| Troll Witch Doctor | 2 | |
| Spirit Walker | 2 | |
| Tauren | 3 | |
| Demolisher | 1 | |
41 total
» upgrades
| Armor | 3 | |
| Melee Weapons | 3 | |
| Ranged Weapons | 3 | |
| Spiked Barricades | 1 | |
| Berserker Strength | 1 | |
| Troll Regeneration | 1 | |
| Shaman Training | 2 | |
| Witch Doctor Training | 2 | |
| Spirit Walker Training | 2 | |
| Envenomed Spears | 1 | |
| Berserker Upgrade | 1 | |
| Pulverize | 1 | |
| Burning Oil | 1 | |
22 total
» buildings
| War Mill | 1 | |
| Orc Burrow | 8 | |
| Altar of Storms | 1 | |
| Barracks | 1 | |
| Voodoo Lounge | 1 | |
| Stronghold | 1 | |
| Spirit Lodge | 1 | |
| Beastiary | 1 | |
| Fortress | 1 | |
| Tauren Totem | 1 | |
| Great Hall | 2 | |
19 total
» build order
00:29 War Mill
00:33 Orc Burrow
00:43 Altar of Storms
01:13 Barracks
01:39 Orc Burrow
02:36 Orc Burrow
03:00 Voodoo Lounge
04:13 Orc Burrow
06:39 Orc Burrow
06:41 Stronghold
07:58 Orc Burrow
09:30 Spirit Lodge
09:32 Beastiary
11:56 Fortress
19:49 Tauren Totem
19:54 Orc Burrow
22:41 Orc Burrow
26:43 Great Hall
30:29 Great Hall
» items
| Healing Salve | 2 | |
| Orb of Lightning | 2 | |
4 total
team 2 (loser)

»
DiAbLo-JoiNt (
green | 5 APM | 4855 actions | 902:27)
10 Goblin Alchemist
3 Acid Bomb
3 Chemical Rage
2 Transmute
2 Healing Spray
» actions
| Assign group hotkey | 36 | |
| Basic commands | 34 | |
| Build / train | 81 | |
| ESC pressed | 1 | |
| Enter build submenu | 65 | |
| Enter hero's abilities submenu | 9 | |
| Give item / drop item | 7 | |
| Right click | 2713 | |
| Select / deselect | 546 | |
| Select group hotkey | 1021 | |
| Use ability | 342 | |
4855 total
» units
| Acolyte | 6 | |
| Ghoul | 8 | |
| Necromancer | 5 | |
| Shaman | 2 | |
| Obsidian Statue | 2 | |
| Frost Wyrm | 5 | |
28 total
» upgrades
| Necromancer Training | 2 | |
| Banshee Training | 1 | |
| Skeletal Longevity | 1 | |
| Skeletal Mastery | 1 | |
| Reinforced Defenses | 1 | |
| Creature Attack | 1 | |
| Creature Carapace | 1 | |
| Freezing Breath | 1 | |
9 total
» buildings
| Crypt | 1 | |
| Ziggurat | 25 | |
| Altar of Darkness | 1 | |
| Graveyard | 1 | |
| Halls of the Dead | 1 | |
| Tomb of Relics | 1 | |
| Spirit Tower | 8 | |
| Nerubian Tower | 1 | |
| Black Citadel | 1 | |
| Temple of the Damned | 2 | |
| Slaughterhouse | 1 | |
| Watch Tower | 38 | |
| War Mill | 1 | |
| Sacrificial Pit | 1 | |
| Boneyard | 2 | |
85 total
» build order
00:13 Crypt
00:18 Ziggurat
00:46 Altar of Darkness
01:22 Ziggurat
02:20 Graveyard
02:58 Ziggurat
02:59 Ziggurat
03:35 Halls of the Dead
04:40 Tomb of Relics
04:54 Spirit Tower
05:22 Spirit Tower
05:27 Ziggurat
05:32 Ziggurat
05:48 Nerubian Tower
06:21 Black Citadel
06:31 Spirit Tower
08:41 Spirit Tower
10:14 Ziggurat
10:16 Ziggurat
10:18 Ziggurat
10:37 Temple of the Damned
10:39 Temple of the Damned
13:38 Spirit Tower
15:41 Spirit Tower
15:43 Ziggurat
15:44 Ziggurat
15:46 Ziggurat
15:48 Ziggurat
15:51 Ziggurat
15:54 Ziggurat
16:54 Spirit Tower
19:32 Ziggurat
19:34 Ziggurat
19:39 Ziggurat
19:40 Ziggurat
19:54 Slaughterhouse
23:43 Spirit Tower
27:03 Ziggurat
27:04 Ziggurat
27:05 Ziggurat
27:06 Ziggurat
27:07 Ziggurat
27:09 Ziggurat
28:32 Watch Tower
28:33 Watch Tower
28:37 Watch Tower
28:38 Watch Tower
28:38 Watch Tower
28:39 Watch Tower
28:40 Watch Tower
28:40 Watch Tower
28:41 Watch Tower
28:43 Watch Tower
28:45 Watch Tower
28:46 Watch Tower
28:46 Watch Tower
28:48 Watch Tower
28:49 Watch Tower
28:51 Watch Tower
28:52 Watch Tower
28:53 Watch Tower
28:59 Watch Tower
29:01 Watch Tower
30:43 Watch Tower
31:53 Watch Tower
31:55 Watch Tower
32:02 Watch Tower
32:06 Watch Tower
38:10 War Mill
43:42 Watch Tower
44:15 Watch Tower
44:16 Watch Tower
44:17 Watch Tower
44:30 Watch Tower
45:18 Watch Tower
45:28 Watch Tower
45:29 Watch Tower
45:43 Watch Tower
48:17 Sacrificial Pit
49:03 Watch Tower
49:05 Watch Tower
49:10 Watch Tower
49:13 Watch Tower
49:58 Boneyard
50:00 Boneyard
» items
| Boots of Speed | 2 | |
| Potion of Lesser Invulnerability | 5 | |
| Circlet of Nobility | 1 | |
| Orb of Corruption | 1 | |
| Healing Salve | 1 | |
| Potion of Healing | 7 | |
| Staff of Teleportation | 1 | |
| Sacrificial Skull | 1 | |
| Potion of Invisibility | 1 | |
| Potion of Mana | 2 | |
22 total

»
RoflQUAFFLE (
teal | 89 APM | 1600 actions | 17:57)
1 Blademaster
1 Wind Walk
2 Shadow Hunter
1 Serpent Ward
1 Hex
1 Tauren Chieftain
1 War Stomp
» actions
| Assign group hotkey | 29 | |
| Basic commands | 30 | |
| Build / train | 66 | |
| ESC pressed | 2 | |
| Enter build submenu | 25 | |
| Enter hero's abilities submenu | 5 | |
| Remove unit from queue | 4 | |
| Right click | 513 | |
| Select / deselect | 211 | |
| Select group hotkey | 607 | |
| Use ability | 108 | |
1600 total
» units
| Peon | 14 | |
| Raider | 8 | |
| Troll Witch Doctor | 3 | |
| Shaman | 3 | |
28 total
» upgrades
| Ensnare | 1 | |
| Witch Doctor Training | 2 | |
| Pillage | 1 | |
| Shaman Training | 2 | |
| Reinforced Defenses | 1 | |
| Melee Weapons | 1 | |
8 total
» buildings
| Altar of Storms | 1 | |
| Orc Burrow | 6 | |
| Voodoo Lounge | 1 | |
| War Mill | 1 | |
| Watch Tower | 7 | |
| Stronghold | 3 | |
| Spirit Lodge | 2 | |
| Beastiary | 2 | |
| Fortress | 2 | |
| Tauren Totem | 1 | |
26 total
» build order
00:11 Altar of Storms
00:21 Orc Burrow
00:36 Voodoo Lounge
01:28 War Mill
01:42 Orc Burrow
02:46 Watch Tower
02:50 Watch Tower
03:38 Stronghold
03:39 Stronghold
03:39 Stronghold
05:22 Watch Tower
05:30 Watch Tower
05:33 Watch Tower
06:27 Spirit Lodge
06:30 Beastiary
06:48 Spirit Lodge
06:57 Orc Burrow
07:06 Fortress
07:06 Fortress
08:21 Orc Burrow
11:00 Orc Burrow
13:32 Orc Burrow
16:02 Beastiary
16:52 Tauren Totem
16:56 Watch Tower
17:01 Watch Tower
» items
| Lesser Clarity Potion | 2 | |
| Healing Salve | 1 | |
| Scroll of Speed | 1 | |
4 total
Thizzles (
purple | 69 APM | 1570 actions | 22:39)
4 Death Knight
2 Death Coil
2 Unholy Aura
2 Lich
1 Frost Nova
1 Frost Armor
» actions
| Assign group hotkey | 52 | |
| Basic commands | 1 | |
| Build / train | 46 | |
| ESC pressed | 2 | |
| Enter build submenu | 20 | |
| Enter hero's abilities submenu | 7 | |
| Remove unit from queue | 1 | |
| Right click | 589 | |
| Select / deselect | 188 | |
| Select group hotkey | 604 | |
| Use ability | 60 | |
1570 total
» units
| Acolyte | 2 | |
| Ghoul | 2 | |
| Crypt Fiend | 10 | |
| Obsidian Statue | 8 | |
| Frost Wyrm | 3 | |
25 total
» upgrades
| Destroyer Form | 1 | |
| Creature Attack | 1 | |
| Web | 1 | |
3 total
» buildings
| Altar of Darkness | 1 | |
| Ziggurat | 7 | |
| Crypt | 1 | |
| Tomb of Relics | 2 | |
| Graveyard | 1 | |
| Halls of the Dead | 2 | |
| Black Citadel | 1 | |
| Slaughterhouse | 1 | |
| Sacrificial Pit | 1 | |
| Boneyard | 1 | |
18 total
» build order
00:05 Altar of Darkness
00:09 Ziggurat
00:33 Crypt
00:53 Tomb of Relics
00:57 Tomb of Relics
01:21 Graveyard
02:38 Halls of the Dead
02:38 Halls of the Dead
03:31 Ziggurat
04:59 Black Citadel
05:29 Ziggurat
05:36 Slaughterhouse
06:30 Ziggurat
10:45 Sacrificial Pit
10:56 Ziggurat
11:35 Boneyard
13:26 Ziggurat
13:50 Ziggurat
» items
| Rod of Necromancy | 3 | |
| Orb of Corruption | 1 | |
| Dust of Appearance | 1 | |
| Scroll of Town Portal | 1 | |
6 total

»
bao3 (
pink | 93 APM | 2330 actions | 25:05)
5 Blademaster
3 Wind Walk
2 Critical Strike
1 Lich
1 Frost Nova
» actions
| Assign group hotkey | 45 | |
| Basic commands | 65 | |
| Build / train | 52 | |
| Enter build submenu | 14 | |
| Enter hero's abilities submenu | 7 | |
| Give item / drop item | 1 | |
| Remove unit from queue | 1 | |
| Right click | 1295 | |
| Select / deselect | 231 | |
| Select group hotkey | 571 | |
| Use ability | 47 | |
2330 total
» units
» upgrades
| Melee Weapons | 1 | |
| Armor | 1 | |
| Berserker Strength | 1 | |
3 total
» buildings
| Orc Burrow | 5 | |
| Altar of Storms | 1 | |
| Barracks | 2 | |
| War Mill | 2 | |
| Voodoo Lounge | 1 | |
| Stronghold | 1 | |
| Fortress | 1 | |
13 total
» build order
00:09 Orc Burrow
00:26 Altar of Storms
00:39 Barracks
01:49 Orc Burrow
02:17 Orc Burrow
02:49 War Mill
02:59 War Mill
03:32 Barracks
03:42 Orc Burrow
06:20 Orc Burrow
09:40 Voodoo Lounge
11:58 Stronghold
15:51 Fortress
» items
| Healing Salve | 2 | |
| Scroll of Speed | 1 | |
| Potion of Healing | 1 | |
| Lesser Clarity Potion | 1 | |
| Orb of Lightning | 1 | |
| Scroll of Town Portal | 1 | |
7 total
Chat log
(00:07 / All) RoflQUAFFLE: I CAN FIT A FIST IN MY ASSHOLE
(00:12 / All) RoflQUAFFLE: ..
(00:14 / All) RoflQUAFFLE: I didnt say that
(00:15 / Allies) WellGoodDaySir: haha whas up 418
(00:17 / All) RoflQUAFFLE: It was my brother
(00:22 / All) WellGoodDaySir: ROFLLESSW
(00:25 / All) RoflQUAFFLE: [plz dont kick me out of the guild
(00:25 / All) Thizzles: LOL SURE>>>>>
(00:27 / Allies) 418: SO
(00:30 / Allies) 418: YOU THINK YOURE BETTER THAN ME
(00:36 / Allies) WellGoodDaySir: same strat 418 LOL?
(00:40 / Allies) WellGoodDaySir: nah man ur cool
(00:40 / Allies) 418: NOPE
(00:45 / All) RoflQUAFFLE: have any of you guys ever tried on a thong?
(00:48 / Allies) WellGoodDaySir: ah cmon do it
(00:52 / All) WellGoodDaySir: yea yesterday at work
(00:58 / All) RoflQUAFFLE: you wore one to work
(01:02 / All) RoflQUAFFLE: Or tried one on at work
(01:04 / All) WellGoodDaySir: yea my buddy and I compare
(01:07 / All) WellGoodDaySir: no wore
(01:10 / All) RoflQUAFFLE: ah
(01:12 / All) RoflQUAFFLE: What color
(01:14 / All) WellGoodDaySir: we do weird shit
(01:15 / All) WellGoodDaySir: purple
(01:18 / All) RoflQUAFFLE: PURPLE?
(01:20 / All) RoflQUAFFLE: Cmon man
(01:22 / All) WellGoodDaySir: oh hell yeah
(01:31 / All) WellGoodDaySir: purple is the colour of a true swagger
(01:31 / All) RoflQUAFFLE: I DONT BLEEV U
(01:34 / All) 418: GET ON THAT VENT I TOLD YO UABOUT
(01:35 / All) RoflQUAFFLE: ROFL
(01:38 / All) Thizzles: LOL
(01:42 / All) Thizzles: SMOKIN PURPLE BUD
(01:46 / All) RoflQUAFFLE: I got thong swagga
(02:06 / All) RoflQUAFFLE: you ever wear g strings?
(02:07 / Allies) WellGoodDaySir: yo 418
(02:09 / All) RoflQUAFFLE: With the pouch in the front?
(02:09 / Allies) WellGoodDaySir: do ur thing bro
(02:12 / All) WellGoodDaySir: gotta play now
(02:12 / Allies) 418: STFU
(02:17 / All) WellGoodDaySir: alreayd fucked up my B.O. talking :D
(02:33 / All) 418: TOO BAD I DONT KNOW WHICH THING DROPS A TOME ON THIS MAP
(02:34 / Allies) WellGoodDaySir: thought we were freidns mayn
(02:36 / All) 418: IT INTERCHANGES
(02:44 / Allies) WellGoodDaySir: i like u 418
(02:46 / All) 418: I GUESS RIGHT
(03:21 / Allies) 418: FAGGOT
(03:25 / Allies) WellGoodDaySir: lawl
(03:34 / All) 418: VENT?
(03:40 / Allies) WellGoodDaySir: oj need help?
(03:48 / Allies) WellGoodDaySir: yellow help oj
(03:53 / Allies) pdocki: yes
(04:07 / All) RoflQUAFFLE: MY TEAM SUX
(04:07 / Allies) WellGoodDaySir: red
(04:08 / All) RoflQUAFFLE: WE SHOULDA WON THAT
(04:11 / All) 418: NO YOU
(04:35 / All) DiAbLo-JoiNt: oh yeah lol
(04:36 / All) RoflQUAFFLE: WOW WHAT A GOOD PLAYER YOU ARE BLUE
(04:43 / All) WellGoodDaySir: THANKS ROOFLE
(04:55 / All) RoflQUAFFLE: ROFL
(04:56 / All) RoflQUAFFLE: NOOB
(04:58 / All) 418: LOL
(05:00 / All) 418: HE JUST GOT RAPED
(05:04 / All) WellGoodDaySir: LOL
(05:05 / All) RoflQUAFFLE: YOU SAW THAT?
(05:07 / All) 418: I DID
(05:08 / All) 418: GOOD JOB
(05:09 / All) WellGoodDaySir: I GOT PWNED
(05:14 / All) 418: I WAS WINDWALK CHOPPING IT TOO
(05:42 / All) RoflQUAFFLE: STOP BEING GAYS
(05:52 / All) RoflQUAFFLE: I built my mill on the wrong side
(05:53 / All) RoflQUAFFLE: Its ok though
(05:57 / All) RoflQUAFFLE: I can recover from this recession
(06:49 / Allies) WellGoodDaySir: wood ne1?
(07:06 / All) 418: YOU COMING?
(07:17 / All) RoflQUAFFLE: WHAT VENT?
(07:26 / All) 418: SOME ASSHOLE'S VENT
(07:29 / All) 418: NOBODY USES IT
(07:40 / All) RoflQUAFFLE: Is the owner fat?
(07:42 / All) RoflQUAFFLE: I dont go to fat peoples vents
(08:03 / All) 418: GOOD STOMP
(08:07 / All) RoflQUAFFLE: TY
(08:36 / All) RoflQUAFFLE: I HAVE NO UNITS
(08:38 / All) 418: ME NEITHER
(08:42 / All) RoflQUAFFLE: WELL
(08:43 / All) RoflQUAFFLE: YOU HAVE A BM
(08:45 / All) RoflQUAFFLE: HES AN ARMY
(08:50 / All) 418: YOU CHOSE TO GO SH FIRST
(09:07 / All) 418: MISSING LOTS OF EXP
(09:24 / Allies) WellGoodDaySir: fight in towers
(10:17 / Allies) WellGoodDaySir: counter
(10:23 / Allies) poserben: i lost everuything
(10:29 / Allies) poserben: i got nothing to counter with
(12:35 / Allies) WellGoodDaySir: ever1 have tps?
(12:47 / Allies) WellGoodDaySir: 418 money?
(12:48 / Allies) WellGoodDaySir: for dest
(12:53 / Allies) 418: AINT GOT NONE
(12:57 / Allies) WellGoodDaySir: lmao
(13:04 / Allies) WellGoodDaySir: u rly dislike me
(13:13 / Allies) 418: WOOD
(13:21 / All) RoflQUAFFLE: LIKE DAT SHIT?
(13:54 / Allies) WellGoodDaySir: b i coming
(13:57 / All) DiAbLo-JoiNt: LOL 2 TPS
(14:25 / Allies) 418: GIVE ME THAT FUCKING HELM OF VALOR NOW
(14:32 / Allies) poserben: tp
(14:34 / Allies) 418: NOW
(15:53 / Allies) WellGoodDaySir: 418 money for hero?
(16:03 / Allies) WellGoodDaySir: i gave u velmor
(16:09 / Allies) 418: AND I DIDNT STAB YOU
(16:16 / Allies) WellGoodDaySir: fair enough
(18:29 / Allies) poserben: now lets counter
(18:47 / All) Thizzles: Lol
(18:48 / All) Thizzles: wow
(18:57 / All) Thizzles: my mouse is dead u lucky bastards...
(18:58 / All) 418: DONT YOU CARE?
(19:01 / All) 418: I WAS GOING TO SAY
(19:04 / All) 418: NOT LIKE ITD MATTER
(19:18 / All) Thizzles: nah i woulda raped u faggo
(19:21 / All) Thizzles: FAGGOT
(19:22 / All) 418: BY DOING WHAT
(19:42 / Allies) 418: WOOD
(20:50 / All) poserben: well done pink
(21:03 / All) DiAbLo-JoiNt: ROFL
(21:16 / All) DiAbLo-JoiNt: LOL
(21:20 / All) 418: IF YOU WREE ON VENT
(21:22 / All) 418: YOUD HEAR ME LOL'ING
(21:36 / All) DiAbLo-JoiNt: YOU SEE THAT?
(21:39 / All) 418: YEAH
(21:47 / All) 418: GIVE ME WOOD
(21:51 / All) DiAbLo-JoiNt: I GOT HARD FROM THAT LOL
(22:39 / All) 418: MORE WOOD
(22:43 / Allies) WellGoodDaySir: none left
(23:17 / All) 418: IT DIED LOL
(23:23 / All) DiAbLo-JoiNt: LOL
(23:39 / All) DiAbLo-JoiNt: NOOOOOOOOOOOOOO
(25:01 / All) 418: HEY GOT THEY GOT 2 EXPOES ON THE BOTTOM
(25:17 / All) 418: AND A SHADE BY YOUR TOWERS
(25:18 / All) poserben: wow
(25:25 / All) poserben: we won this without any help from red
(25:42 / All) 418: MORE WOOD
(25:54 / All) poserben: ill giove wood for gold
(25:59 / All) poserben: you got 8 grand
(26:02 / All) 418: K GIVE ALL YOUR WOOD
(26:07 / All) poserben: nope
(26:12 / All) 418: ILL GIVE GOLD FOR WOOD
(26:20 / All) poserben: then give some
(26:25 / All) 418: YOU FIRST I DONT TRUST YOU
(27:33 / All) DiAbLo-JoiNt: COWARDS
(27:34 / All) 418: SHADE TAVERN
(27:36 / All) DiAbLo-JoiNt: FIGHT 1V1 LIKE A MAN
(27:45 / All) WellGoodDaySir: okay'
(27:51 / All) DiAbLo-JoiNt: MY HERO VS UR HERO
(27:55 / All) WellGoodDaySir: sure
(29:31 / Allies) WellGoodDaySir: yellow or oj
(29:34 / Allies) WellGoodDaySir: get wiege
(29:36 / Allies) WellGoodDaySir: siege
(29:39 / Allies) WellGoodDaySir: for green
(29:40 / All) 418: NO SIEGE ALLOWED
(29:43 / All) poserben: i cant red has all the gold
(29:52 / All) 418: NO YOU HAVE AN EXPO
(30:03 / All) poserben: with a grand left in it
(30:10 / All) 418: THATS PLENTY
(30:14 / All) 418: BESIDES ORANGE & BLUE HAVE EXPOES
(30:22 / All) 418: YOU NEED AN INVUL POT
(30:25 / All) 418: HERE THEY COME
(30:26 / All) 418: BOTH SIDES
(30:31 / All) 418: ULT THE DEST
(30:37 / All) DiAbLo-JoiNt: LOL
(32:21 / All) WellGoodDaySir: u know siege
(32:23 / All) WellGoodDaySir: will kill ur base
(32:26 / All) WellGoodDaySir: in under 5min
(32:28 / All) DiAbLo-JoiNt: SIEGE IS NOT ALLOWED
(32:29 / All) 418: THAT WOULD BE CHEATING
(33:07 / All) DiAbLo-JoiNt: ISO STAB
(33:09 / All) poserben: 13000 red
(33:16 / All) poserben: you really are a special kind of prick
(33:21 / All) 418: OH ITS ON NOW MOTHERFUCKER
(33:40 / All) 418: HES ON TO ME
(34:34 / Allies) pdocki: why is red backstabbing?
(34:37 / Allies) WellGoodDaySir: cuz
(34:37 / All) 418: I SAID NO SIEGE
(34:42 / Allies) WellGoodDaySir: i beat him evry game i play hgim
(34:46 / All) 418: WRONG
(34:49 / Allies) WellGoodDaySir: so he needs to "get back" at me
(34:52 / All) 418: YOU ACT LIKE A NIGGER AGAINST ME THATS WHY
(34:55 / All) 418: I DONT CARE ABOUT LOSING
(34:58 / Allies) WellGoodDaySir: ?
(35:04 / Allies) WellGoodDaySir: no i dont u talk shit everytime
(35:07 / Allies) pdocki: fucker
(35:09 / Allies) WellGoodDaySir: saying my strat is dumb?
(36:59 / Allies) pdocki: what do u wanna do
(37:54 / All) poserben: we should just finish green and get the win, red can finish his little temper tantrum on his own
(39:29 / Allies) WellGoodDaySir: yellow money me
(39:50 / Allies) WellGoodDaySir: yellow money me
(39:52 / Allies) WellGoodDaySir: i mass garg
(39:58 / Allies) WellGoodDaySir: more
(40:04 / Allies) WellGoodDaySir: mas garg will rapoe his wyrn
(40:11 / All) poserben: fine take it all
(40:16 / All) poserben: this is gay
(40:40 / Allies) WellGoodDaySir: KILL
(40:45 / Allies) WellGoodDaySir: 1111
(45:19 / All) poserben: red is handing them the game
(45:24 / All) poserben: 1
(45:24 / Allies) WellGoodDaySir: yeah
(45:40 / Allies) WellGoodDaySir: well im glad im so good that i actually can get ppl this mad at me
(45:46 / All) 418: AGAIN
(45:48 / All) 418: YOU'RE A NIGGER
(45:51 / All) 418: I DONT CARE ABOUT LOSING
(45:51 / Allies) WellGoodDaySir: good story for my tourney in europe lol
(45:52 / All) 418: STATS ME YOU IDIOT
(45:59 / Allies) WellGoodDaySir: ur 38%
(46:02 / Allies) WellGoodDaySir: i profiled u
(46:04 / Allies) WellGoodDaySir: ur horrid
(46:12 / All) 418: I TRY EVERY GAME
(46:30 / All) DiAbLo-JoiNt: HELP
(47:16 / All) 418: MAKE NO MISTAKE BLUE
(47:17 / All) 418: YOU SUCK
(47:27 / Allies) WellGoodDaySir: im playing inwcr
(47:31 / Allies) WellGoodDaySir: next month
(47:33 / Allies) WellGoodDaySir: i do not suck
(47:34 / All) 418: THE FUCK IS THAT
(47:40 / Allies) WellGoodDaySir: well lets put it this way
(47:41 / Allies) WellGoodDaySir: if i win
(47:44 / Allies) WellGoodDaySir: i get 50k
(47:47 / All) 418: YOU WONT
(47:49 / All) 418: YOU'RE A RANDOM 4V4 RT CLOWN
(47:52 / Allies) WellGoodDaySir: i think i will
(48:08 / Allies) WellGoodDaySir: lol clearly u have no idea what my aka is or who i play with
(48:17 / All) 418: I COULD GIVE A FUCK
(48:21 / All) poserben: good job red
(48:22 / All) 418: YOU TINK GARGS AND FIENDS ARE THE ANSWER TO ANYTHING
(48:27 / All) poserben: i aint quitting
(48:29 / Allies) WellGoodDaySir: lol anything but a bser
(48:31 / All) poserben: im afk
(48:47 / All) 418: THANKS YELLOW
(48:49 / All) 418: ALL I WANTED WAS WOOD
(49:07 / Allies) WellGoodDaySir: well red im glad
(49:16 / Allies) WellGoodDaySir: that i made u so mad cuz u cant handle losing to me
(49:21 / Allies) WellGoodDaySir: i was the same when i first started
(49:24 / Allies) WellGoodDaySir: couldnt handle losing
(49:24 / All) 418: CLEARLY I CAN HANDLE LOSING
(49:26 / All) DiAbLo-JoiNt: WHERE
(49:27 / Allies) WellGoodDaySir: id get so mad
(49:31 / All) 418: GOING TO HIS BASE
(49:34 / All) 418: RUNNING COUNTER CLOCKWISE
(49:36 / All) 418: NOW TO THE MID
(49:41 / All) 418: TO THE FOUNTAIN
(49:49 / All) 418: AT THE FOUNTAIN
(49:52 / All) 418: GOING LEFT
(50:04 / All) 418: GOING DOWN
(50:10 / All) 418: COUNTER CLOCKWISE
(50:33 / All) 418: THERES A RELALY EASY WAY TO DO THIS
(50:37 / All) 418: DONT HIT ME
(50:49 / Allies) WellGoodDaySir: oj i coil u
(50:52 / All) 418: WATCH THIS
(51:38 / All) poserben: omg guys
(51:40 / All) 418: WANNA DO IT LIKE THAT?
(51:44 / All) DiAbLo-JoiNt: K
(51:45 / All) poserben: why is this shit still going on ?
(52:00 / All) poserben: red is a little little girl who dropped her rattle,
(52:05 / All) 418: WHAT?
(52:08 / All) poserben: let her win this
(52:15 / All) 418: MY RATTLE?
(52:21 / All) 418: IS THAT A JEW JOKE?
(52:27 / All) poserben: or green and pink will actually come back
(52:33 / All) poserben: just fucking end it
(52:51 / All) poserben: blue orange, you cant beat him
(52:56 / All) poserben: we let him hoard all game
(53:07 / All) 418: NO THEY WANNA DO THIS THE HARD WAY
(53:14 / All) poserben: can you guys please just let him win this so we can all go get in a real game ?
(54:06 / All) 418: SEE?
(54:16 / All) 418: THATS THE EASY WAY
(55:10 / All) 418: GET IT?
(55:16 / All) 418: STAFF OF TP STAB
(55:22 / All) poserben: yes we all get it
(55:28 / All) 418: CLEVER ISNT IT
(55:29 / All) poserben: you're a pretty pretty girl
(55:36 / All) poserben: now could you just please end this
(55:40 / All) 418: THANKS FRIEND
(55:43 / All) 418: GIVE ME ALL YOUR RESOURCES
(56:00 / All) poserben: i got none
(56:06 / All) 418: ORANGE HAS GOLD
(56:07 / All) 418: AND BLUE HAS 30
(56:17 / Allies) WellGoodDaySir: therea ya go buddy
(56:22 / All) WellGoodDaySir: take it all
(56:28 / All) DiAbLo-JoiNt: WHATS WITH THE DR/FL?
(56:33 / All) 418: HAVE MY HEROES
(56:39 / All) 418: I GOT A STAFF OF TP TO STAB THEIR DK'S
(56:42 / All) 418: THEY KEPT RUNNING LIKE NIGGERS
(56:49 / All) 418: YOU TRIPLE STAFF ON THEIR HERO TO FREEZE THEM
(57:32 / All) 418: BEST WAY TO FINISH A STAB FOR THOSE WHO WONT GO GENTLY
(57:43 / All) 418: CAN I HAVE YOUR WYRMS?
(57:51 / All) poserben: no seige huh red ?
(57:57 / All) 418: THAT WAS FOR KILLING BLUE
(58:18 / All) DiAbLo-JoiNt: TODD JUST GOT HERE
(58:18 / All) 418: FUCK
(58:20 / All) 418: FUCK
(58:22 / All) DiAbLo-JoiNt: GONNA PLAY NES SOON
(58:22 / All) 418: WISH I HAD GOTTEN A TINKER
(58:27 / All) WellGoodDaySir: hey diablo
(58:32 / All) 418: FUCK
(58:33 / All) WellGoodDaySir: whos ur heros lv6 move?
(58:36 / All) 418: GIVE ME ORANGE'S TINKER
(58:48 / All) 418: I WANNA PERCH THE CORNER
(58:55 / All) 418: LEAVE MY CATAS ALONE
(59:05 / All) 418: FUCK
(59:08 / All) 418: I GOTTA GET A TINKER NEXT TIME
(59:10 / All) DiAbLo-JoiNt: WE GOOD? CAN I AFK
(59:14 / All) 418: YEAH
(59:58 / All) 418: BLUE THINKS THIS IS BECAUSE HE BEAT ME TWICE IN RT
(60:03 / All) 418: IF I STABBED EVERYONE WHO BEAT ME ID NEVE RWIN
(60:04 / All) WellGoodDaySir: it is
(60:17 / All) WellGoodDaySir: i know ur mad
(60:21 / All) 418: WHY AM I MID
(60:22 / All) 418: I WIN
(60:22 / All) WellGoodDaySir: i can teach u shit if u want
(60:28 / All) 418: WHATS THAT
(60:32 / All) 418: FIENDS: THEY SOLVE FUCKING EVERYTHING?
(60:33 / All) WellGoodDaySir: i give private lessons
(60:42 / All) 418: LESSON 1: FIENDS IN RT MAKES YOU GOOD LOL
(60:56 / All) 418: HI I PICK UD IN RT
(60:58 / All) 418: I THINK IM GOOD
(61:01 / All) WellGoodDaySir: ive never seen me solo
(61:03 / All) WellGoodDaySir: im 2x as good
(61:04 / All) 418: AFTER ALL, WINNING WITH UD IN RT
(61:06 / All) 418: MEANS YOURE GOOD
(61:18 / All) WellGoodDaySir: u ever go to wcreplays?
(61:20 / All) 418: YES I DO
(61:21 / All) WellGoodDaySir: u prb seen a few of mine
(61:25 / All) 418: YOU ARE...
(61:30 / All) 418: IF YOU'RE SOME EURO NIGGER I DONT KNOW YOU
(61:35 / All) WellGoodDaySir: haha
(61:48 / All) 418: WELL
(61:50 / All) 418: WHO THE FUCK ARE YOU
(61:51 / All) WellGoodDaySir: i played gospace 2 weeks ago
(61:58 / All) WellGoodDaySir: theres ur clue
(61:59 / All) 418: WHO THE FUCK IS GOSPACE
(62:03 / All) WellGoodDaySir: .........
(62:06 / All) WellGoodDaySir: oh wow
(62:11 / All) WellGoodDaySir: do ur homework
(62:12 / All) 418: SORRY I DONT FOLLOW ALL THE PRO GOOK SCENES
(62:20 / All) 418: JUST TELL ME YOUR AKA AND I MIGHT RECOGNIZE YOU
(62:22 / All) WellGoodDaySir: well then u wont kno me if u dont know gospace
(62:28 / All) WellGoodDaySir: hes top5 in world right now
(62:32 / All) 418: WHOOPDY DOO
(62:32 / All) WellGoodDaySir: he beat me...but its a good replay
(62:33 / All) poserben: hey blue? if you wanna show her your clit is bigger than hers, then pull it out,
(62:36 / All) 418: I DONT CARE ABOUT THE PRO GOOKS
(62:42 / All) 418: WHO THE FUCK ARE YOU
(62:44 / All) poserben: if you're not gonna just stfu and let him win this
(62:44 / All) 418: I DONT CARE WHO YOU PLAY
(62:56 / All) WellGoodDaySir: i would never tell someone like u my aka
(63:01 / All) 418: OH
(63:03 / All) poserben: then stfu
(63:03 / All) 418: I SEE
(63:04 / All) WellGoodDaySir: only to get harassed?
(63:06 / All) 418: YOU BROUGHT IT UP FUCKWAD
(63:08 / All) WellGoodDaySir: dont think so
(63:08 / All) poserben: blue
(63:11 / All) poserben: SHUT UP
(63:12 / All) WellGoodDaySir: well if u figure it out fine
(63:15 / All) 418: "IM A FAMOUS PERSON ON WCR.....BUT I CANT TELL YOU WHO"
(63:16 / All) WellGoodDaySir: but i aint sayin it
(63:23 / All) 418: IM FAMOUS TOO IN JAPAN
(63:26 / All) WellGoodDaySir: i told u search
(63:28 / All) 418: I SIGN AUTOGRAPHS WITH MY PENIS
(63:29 / All) WellGoodDaySir: gospace replay
(63:30 / All) WellGoodDaySir: 2 weeks ago
(63:37 / All) WellGoodDaySir: on lost temple
(63:38 / All) WellGoodDaySir: thats me
(63:40 / All) 418: #1 IM NOT SEARCHING REPLAYS OF SOME GOOK JUST TO SEE IF IT MIGHT BE YOU
(63:45 / All) poserben: blue are you like 5 or something ? this kid gets off on this shit, just shut up
(63:54 / All) 418: #2 I COULD REALLY GIVE A SHIT, YOU'R ETHE ONE THAT BROUGHT IT UP
(63:56 / All) WellGoodDaySir: ok suit yourself
(64:03 / All) 418: FUCKING NERD
(64:09 / All) WellGoodDaySir: sorry your such an anrgy guy
(64:24 / All) WellGoodDaySir: if ur life sucks
(64:27 / All) WellGoodDaySir: u can always turn it around
(64:53 / All) WellGoodDaySir: anywhoo
(64:58 / All) WellGoodDaySir: afk gonna eat and play cod
(65:04 / All) WellGoodDaySir: later yellow
(73:16 / All) 418: REALLY THAT SHOULD WORK
(94:53 / All) 418: BY THE WAY SHITSTAIN
(94:58 / All) 418: I SEE ONE REPLAY ON LT OF GO SPACE
(95:00 / All) 418: 9/15/2008
(95:03 / All) 418: I DOUBT YOU'RE PHOENIX REMIND
(95:05 / All) 418: BLOW ME
(106:13 / All) poserben: wow. I can't believe this shit is still going on
(106:39 / All) poserben: i guess everyoe went afk
(107:00 / All) poserben: aight I can find something else to do with my evening
(274:49 / All) WellGoodDaySir: alright 418 buddy, u win